 Dungeon Crawl Stone Soup version 0.23.1 (webtiles) character file.

Game seed: 8541191386291437842

29 Giel the Sneak (level 3, -4/20 HPs)
             Began as a Kobold Enchanter on Mar 17, 2019.
             Slain by an adder (5 damage)
             ... on level 2 of the Dungeon.
             The game lasted 00:09:08 (1874 turns).

Giel the Sneak (Kobold Enchanter)                   Turns: 1874, Time: 00:09:10

Health: -4/20      AC:  2    Str:  6    XL:     3   Next: 32%
Magic:  6/6        EV: 14    Int: 16    God:
Gold:   91         SH:  0    Dex: 15    Spells: 6/7 levels left

rFire    . . .     SeeInvis .   h - +1 dagger (drain)
rCold    . . .     Gourm    .   (shield restricted)
rNeg     . . .     Faith    .   b - +0 robe
rPois    .         Spirit   .   (no helmet)
rElec    .         Reflect  .   (no cloak)
rCorr    .         Harm     .   (no gloves)
MR       .....                  (no boots)
Stlth    ++........             (no amulet)
HPRegen  0.06/turn              (no ring)
MPRegen  0.10/turn              (no ring)

@: lethally poisoned (-4 -> -17), heavily drained
A: small, carnivore
a: no special abilities


You were on level 2 of the Dungeon.
You were not hungry.

You visited 1 branch of the dungeon, and saw 2 of its levels.

You collected 91 gold pieces.

Inventory:

Hand Weapons
 a - a +1 dagger
 h - a +1 dagger of draining (weapon)
Armour
 b - a +0 robe (worn)
Jewellery
 e - an uncursed amulet of harm
Scrolls
 c - a scroll of amnesia {unknown}
 f - 2 scrolls of identify {unknown}
Potions
 g - a potion of berserk rage {unknown}
Comestibles
 d - 6 rations


   Skills:
 + Level 0.5(0.0) Fighting
 + Level 1.8(0.0) Short Blades
 + Level 3.0(1.0) Dodging
 + Level 4.3(2.2) Stealth
 + Level 2.5(0.5) Spellcasting
 + Level 3.2(1.2) Hexes


You had 6 spell levels left.
You knew the following spells:

 Your Spells              Type           Power        Failure   Level  Hunger
a - Corona                Hex            #......      14%         1    ##.....

Your spell library contained the following spells:

 Spells                   Type           Power        Failure   Level  Hunger
 Ensorcelled Hibernation  Hex/Ice        #.....       28%         2    ###....
 Confuse                  Hex            #.......     41%         3    ####...
 Tukima's Dance           Hex            #.......     41%         3    ####...
 Dazzling Spray           Conj/Hex       #.....       50%         3    ####...


Dungeon Overview and Level Annotations

Branches:
Dungeon (2/15)

Altars:


Innate Abilities, Weirdness & Mutations

You are small and have problems with some larger weapons.
You are carnivorous and can eat meat at any time.


Message History

The adder bites you.
You are lethally poisoned!
The adder poisons you!
You feel sick. The adder closely misses you. The adder bites you.
You are too injured to fight recklessly!
You are too injured to fight recklessly!
You are too injured to fight recklessly!
You are too injured to fight recklessly!
You barely miss the adder.
* * * LOW HITPOINT WARNING * * *
You feel sick. The adder bites you.
* * * LOW HITPOINT WARNING * * *
You closely miss the adder.
* * * LOW HITPOINT WARNING * * *
You feel sick. The adder bites you.
* * * LOW HITPOINT WARNING * * *
You are more poisoned.
The adder poisons you! The adder bites you.
You die...

#.........((
.##########...#.##.#
...................#
######.##.##.##.####.#
####...#.###.<.......
.............##..###.
#########..#.#...#### #
##8##8##.#...#.....# .#
.......'..÷.###@##.##.#
##8##8#####.# #.Sl....#
# #.# ###...### ..#
#...##### .## #.†......
. #. #####.[.##### ...
#. #........^..#....
.....(...........b..
.##........<..#


You could see an adder and a frilled lizard.

Vanquished Creatures
  A leopard gecko (D:1)
  A giant cockroach (D:1)
  3 goblins (D:1)
  A hobgoblin (D:1)
  5 kobolds (D:1)
  A quokka (D:2)
  7 bats
  4 frilled lizards
  5 rats (D:1)
28 creatures vanquished.

Notes
Turn   | Place    | Note
-------+----------+-------------------------------------------
     0 | D:1      | Giel the Kobold Enchanter began the quest for the Orb.
     0 | D:1      | Reached XP level 1. HP: 10/10 MP: 3/3
   359 | D:1      | Reached XP level 2. HP: 8/15 MP: 5/5
  1310 | D:1      | Reached XP level 3. HP: 17/20 MP: 3/6
  1874 | D:2      | HP: 1/20 [adder (1)]
  1874 | D:2      | Slain by an adder

Skill      XL: |  1  2  3 |
---------------+----------+-----
Dodging        | 3 |  3.0
Fighting       | |  0.5
Short Blades   | |  1.8
Stealth        | |  4.3
Spellcasting   | |  2.5
Hexes          | |  3.2

Action                   || total
-------------------------++-------
Melee: Dagger            ||   127
 Cast: Corona            ||    15
 Stab: Sleeping          ||     5
  Eat: Chunk             ||     6
Armor: Robe              ||    28
Dodge: Dodged            ||   132
